 Dungeon Crawl Stone Soup version 0.30-a0-972-gf3ab3527aa (webtiles) character file.

Game seed: 13808259947581697139

253 DeathPants the Slasher (level 6, -2/32 HPs)
             Began as a Vine Stalker Gladiator on Mar 31, 2023.
             Killed by divine providence
             ... invoked by an orc priest
              (8 damage)
             ... on level 3 of the Dungeon.
             The game lasted 00:04:47 (1731 turns).

DeathPants the Slasher (Vine Stalker Gladiator)     Turns: 1731, Time: 00:04:48

Health: -2/32      AC:  4    Str: 16    XL:     6   Next: 14%
Magic:  0/10       EV: 12    Int: 10    God:
Gold:   106        SH:  0    Dex: 16    Spells: 10/10 levels left

rFire   + . .      SeeInvis .    b - +1 dagger (venom)
rCold   . . .      Faith    .    (no shield)
rNeg    . . .      Spirit   +    m - +0 leather armour
rPois   .          Reflect  .    c - +0 helmet
rElec   .          Rampage  .    (no cloak)
rCorr   .                        (no gloves)
Will    .....                    (no boots)
Stlth   +                        (no amulet)
HPRegen 1.05/turn                f - ring of protection from fire
MPRegen 0.12/turn                (no ring)

@: no status effects
A: fangs 2, regeneration 1, magic shield, antimagic bite, no potion heal 2
a: no special abilities


You were on level 3 of the Dungeon.
You visited 1 branch of the dungeon, and saw 4 of its levels.

You collected 106 gold pieces.

Inventory:

Hand Weapons
 a - a +0 long sword
 b - a +1 dagger of venom (weapon)
Missiles
 d - 2 throwing nets (quivered)
 e - a javelin
 n - 5 boomerangs
 v - 9 poisoned darts
Armour
 c - a +0 helmet (worn)
 m - a +0 leather armour (worn)
Jewellery
 f - a ring of protection from fire (left hand)
Wands
 u - a wand of polymorph (6)
Scrolls
 g - a scroll of enchant weapon
 i - a scroll of teleportation {unknown}
 l - a scroll of fog {unknown}
 o - a scroll of vulnerability {unknown}
 r - 2 scrolls of magic mapping {unknown}
 s - a scroll of blinking {unknown}
 w - a scroll of enchant armour {unknown}
Potions
 h - 2 potions of brilliance
 k - a potion of resistance {unknown}
 q - a potion of curing {unknown}


   Skills:
 + Level 3.1 Fighting
 * Level 4.7 Long Blades
 - Level 1.7 Throwing
 - Level 2.4 Dodging
 + Level 2.6 Spellcasting


You had 10 spell levels left.
You didn't know any spells.
Your spell library contained the following spells:

 Spells                   Type           Power      Damage    Failure   Level
 Gell's Gravitas          Tloc           1%         N/A       73%         3
 Teleport Other           Tloc           1%         N/A       73%         3
 Tukima's Dance           Hex            1%         N/A       73%         3
 Passage of Golubria      Tloc           1%         N/A       98%         4
 Yara's Violent Unravell  Hex/Tmut       0%         3d3       100%        5
 Dispersal                Tloc           0%         N/A       100%        6


Dungeon Overview and Level Annotations

Branches:
Dungeon (4/15)
 Temple: D:4-7

Altars:

Shops:
D:1 *


Innate Abilities, Weirdness & Mutations

You have extremely sharp teeth.
Your natural rate of healing is unusually fast.
When hurt, damage is shared between your health and your magic reserves.
Your bite disrupts and absorbs the magic of your enemies.
Potions cannot restore your health.


Message History

Something hits you. The goblin barely misses you. The adder bites you.
The orc closely misses you.
The orc priest hits you with a +0 hand axe!
You hit the orc priest but do no damage.
The orc priest looks even sicker.
You bite the orc priest, but do no damage.
The orc priest is lightly wounded.
The adder bites you.
You closely miss the orc priest.
The orc priest is lightly wounded.
Something barely misses you. The goblin barely misses you.
The orc hits you with a +0 short sword.
The orc priest hits you with a +0 hand axe.
The adder closely misses you.
You hit the orc priest but do no damage.
The orc priest is lightly wounded.
Something hits you.
* * * LOW HITPOINT WARNING * * *
The goblin misses you. The orc barely misses you.
The orc priest barely misses you. The adder bites you.
* * * LOW HITPOINT WARNING * * *
Something hits you.
* * * LOW HITPOINT WARNING * * *
The goblin hits you but does no damage. The orc barely misses you.
The orc priest hits you but does no damage.
Okay, then.
As you read the scroll of summoning, it crumbles to dust.
Wisps of shadow whirl around you... The adder bites you.
* * * LOW HITPOINT WARNING * * *
Something barely misses you. The goblin completely misses you.
The orc barely misses you. The orc priest barely misses you.
The orc priest barely misses your gnoll.
The adder bites you but does no damage.
The orc priest attacks as you move away!
The orc priest hits you but does no damage.
The orc priest hits your gnoll but does no damage.
Something hits you but does no damage. The orc hits you but does no damage.
The orc priest calls down the wrath of Beogh upon you.
Beogh smites you!
You die...

############# #####
#g...o......# ##...##
#.).gS.## #.###.....####
#..##go@###..........†..
#...Sw#g................
#..##g..###..###...####.
... ...........).>......
## ########.###)#####...
#.# #... #.# #.## #.#
#.# #.# #.#


You could see an orc priest (very poisoned, ally target), an adder, an orc, a
goblin (ally target), 3 friendly gnolls, a friendly dart slug (summoned) and a
friendly ball python (summoned).

Vanquished Creatures
  Sigmund (D:3)
  A sleepcap (D:4)
  3 adders
  An orc (D:3)
  An endoplasm (D:1)
  5 giant cockroaches
  6 hobgoblins (D:1)
  2 jackals (D:2)
  5 kobolds
  A quokka (D:1)
  3 ball pythons
  2 bats (D:1)
  A frilled lizard (D:1)
  5 goblins
  3 rats
40 creatures vanquished.

Vanquished Creatures (others)
  7 plants (D:4)
7 creatures vanquished.

Grand Total: 47 creatures vanquished

Notes
Turn   | Place    | Note
-------+----------+-------------------------------------------
     0 | D:1      | DeathPants the Vine Stalker Gladiator began the quest for
                  | the Orb.
     0 | D:1      | Reached XP level 1. HP: 11/11 MP: 2/2
   118 | D:1      | Reached XP level 2. HP: 15/15 MP: 3/3
   133 | D:1      | Reached skill level 3 in Long Blades
   149 | D:1      | Found Baxemug's Assorted Antiques.
   381 | D:1      | Reached skill level 1 in Spellcasting
   437 | D:1      | Reached XP level 3. HP: 18/18 MP: 5/5
  1413 | D:3      | Gained mutation: Your natural rate of healing is unusually
                  | fast. [Vine Stalker growth]
  1413 | D:3      | Reached XP level 4. HP: 21/23 MP: 4/7
  1419 | D:3      | Noticed Sigmund
  1433 | D:3      | Killed Sigmund
  1434 | D:3      | Reached skill level 4 in Long Blades
  1434 | D:3      | Reached XP level 5. HP: 28/28 MP: 7/9
  1500 | D:4      | Reached XP level 6. HP: 23/32 MP: 5/10
  1731 | D:3      | Killed from afar by an orc priest

Illustrated notes

Levels and vault maps discovered:
D:1:      minmay_arrival_four_houses, layout_rooms, serial_shops,
          nicolae_shop_hallway_stairs, minmay_statues_item
D:2:      layout_basic
D:3:      layout_loops_ring, kennysheep_pointless_box, uniq_sigmund,
          uniq_crazy_yiuf_cottage
D:4:      layout_layer_cave, mainiacjoe_overflow_24_doors,
          nicolae_ossuary_entry_catacombs, serial_bayou_lake_a

Skill      XL: |  1  2  3  4 |
---------------+-------------+-----
Long Blades    | 3 4 |  4.7
Fighting       | 2 3 |  3.1
Spellcasting   | 1 2 |  2.6
Throwing       | |  1.7
Dodging        | |  2.4

Action                     |  1- 3 |  4- 6 || total
---------------------------+-------+-------++-------
  Melee: Long sword        |    44 |       ||    44
         Bite              |    22 |    10 ||    32
         Dagger            |    32 |    39 ||    71
  Throw: Throwing net      |       |     1 ||     1
    Use: Scroll            |     2 |     3 ||     5
 Armour: Leather armour    |    25 |    14 ||    39
  Dodge: Dodged            |    42 |    33 ||    75

Table legend: (Time is in decaauts)
 A = Elapsed time spent in this place.
 B = Non-inter-level travel time spent in this place.
 C = Inter-level travel time spent in this place.
 D = Time resting spent in this place.
 E = Time spent auto-exploring this place.
 F = Levels seen in this place.
 G = Mean time per level.
                   A        B        C        D        E       F      G
               +--------+--------+--------+--------+--------+-----+--------+
         Total |   1733 |   1695 |     38 |     18 |   1233 |   4 |  433.2 |
       Dungeon |   1733 |   1695 |     38 |     18 |   1233 |   4 |  433.2 |
               +--------+--------+--------+--------+--------+-----+--------+

Top non-repeatable levels by time:
     D:2: 780 daAuts
     D:1: 575 daAuts
     D:4: 242 daAuts
     D:3: 134 daAuts
